cohdb
Replays
Latest Replays
All Replays
Popular Replays
Top Player Replays
Match Explorer
How It Works
Community
CoH3 Stats
Reddit
Sign in to upload your games and track your stats! →
Sign in with Steam
Match 43288316
Unlisted
Match 43288316
Overview
Messages
Build Orders
End
Kradschützen Motorcycle Team
Selects Panzerjäger Kommand Battlegroup
Selects Panzerjäger Kommand Battlegroup
Selects Panzerjäger Kommand Battlegroup
Selects Mine Fields
Panzergrenadier Squad
250 Light Carrier
Panzergrenadier Squad
Construct Light Support Kompanie
Combat Half-tracks
Selects GrB 39 Grenade Launcher Requisition
Construct Mechanized Kompanie
Fire Support Elements
Panzerjäger Mechanized Group
Flakvierling Half-track
Vehicle Survival Package
Selects Defensive Positions
MG34 Team
Pak 38 Anti-tank Gun Team
Flakvierling Half-track
Panzerpioneer Squad
2.5-tonne Medical Truck
Assault Mechanized Group
Panzerjäger Squad
Selects Crew Shock Tactics
Panzerjäger Squad
Selects Anti-tank Overwatch
水银灯
秃鹫k
JIANHU
旧时光
Lyco
LeVisir
aSIINiedi
Mattie
0
0
Comments
sign in to comment!
No comments posted yet!